 Dungeon Crawl Stone Soup version 0.30-a0-219-gf2db51d15e (webtiles) character file.

Game seed: 18034843093646690806

59 Decritt the Sneak (level 3, 0/18 HPs)
             Began as a Spriggan Enchanter on Oct 7, 2022.
             Blown up by Ijyb (18 damage)
             ... with a mindburst bolt
             ... on level 3 of the Dungeon.
             The game lasted 00:04:45 (2716 turns).

Decritt the Sneak (Spriggan Enchanter)              Turns: 2716, Time: 00:04:45

Health: 0/18       AC:  2    Str:  4    XL:     3   Next: 78%
Magic:  8/8        EV: 18    Int: 16    God:
Gold:   138        SH:  0    Dex: 17    Spells: 0/8 levels left

rFire   . . .      SeeInvis +    a - +2 dagger
rCold   . . .      Faith    .    (no shield)
rNeg    . . .      Spirit   .    b - +0 robe
rPois   .          Reflect  .    (helmet restricted)
rElec   .          Harm     .    (no cloak)
rCorr   .          Rampage  .    (gloves unavailable)
Will    .....                    (boots unavailable)
Stlth   +++.......               (no amulet)
HPRegen 0.23/turn                (no ring)
MPRegen 0.11/turn                (no ring)

@: very quick
A: very small, no large weapons, unfitting armour, see invisible, speed 3
a: no special abilities


You were on level 3 of the Dungeon.
You visited 1 branch of the dungeon, and saw 3 of its levels.

You collected 138 gold pieces.

Inventory:

Hand Weapons
 a - a +2 dagger (weapon)
Armour
 b - a +0 robe (worn)
Scrolls
 e - a scroll of teleportation
 r - 2 scrolls of identify
Potions
 c - 2 potions of invisibility
 d - a potion of ambrosia
 h - a potion of lignification {unknown}
 i - a potion of degeneration {unknown}
 k - a potion of might {unknown}
 l - a potion of flight {unknown}
 n - 2 potions of attraction {unknown}
 o - a potion of heal wounds {unknown}


   Skills:
 + Level 1.0 Fighting
 + Level 1.8 Short Blades
 + Level 3.4 Dodging
 + Level 5.0 Stealth
 + Level 3.2 Spellcasting
 + Level 4.0 Hexes


You couldn't memorise any spells.
You knew the following spells:

 Your Spells              Type           Power      Damage    Failure   Level
a - Confusing Touch       Hex            15%        N/A       11%         3
b - Tukima's Dance        Hex            15%        N/A       11%         3
c - Ensorcelled Hibernat  Hex/Ice        18%        N/A       12%         2

Your spell library contained the following spells:

 Spells                   Type           Power      Damage    Failure   Level
 Apportation              Tloc           4%         N/A       19%         1
 Freeze                   Ice            8%         1d3       19%         1
 Necrotise                Necr           8%         1d4       19%         1
 Summon Small Mammal      Summ           8%         N/A       19%         1
 Dazzling Flash           Conj/Hex       18%        N/A       24%         3
 Summon Guardian Golem    Hex/Summ       9%         N/A       24%         3
 Call Canine Familiar     Summ           2%         N/A       50%         3
 Frozen Ramparts          Ice            4%         1d1       50%         3
 Hailstorm                Conj/Ice       2%         3d3       50%         3


Dungeon Overview and Level Annotations

Branches:
Dungeon (3/15)

Altars:
Hepliaklqana

Annotations:
D:3 Ijyb


Innate Abilities, Weirdness & Mutations

You are very small and have problems with some larger weapons.
You are too small for most types of armour.
You have supernaturally acute eyesight. (SInv)
You cover ground extremely quickly. (Speed+++)


Message History

The orc is heavily wounded.
The orc barely misses you.
You barely miss the orc.
The orc is heavily wounded.
The orc misses you.
You hit the orc but do no damage.
The orc is heavily wounded.
The orc barely misses you.
You hit the orc.
You kill the orc!
Your Fighting skill increases to level 1!
No target in view!
No target in view!
You start resting.
HP restored.
You start waiting.
Done waiting.
You climb downwards.
Level annotation: Ijyb The kobold hits you with a +0 short sword.
The kobold completely misses you.
There is a stone staircase leading up here.
The kobold closely misses you.
You climb upwards.
There is a stone staircase leading down here.
You barely miss the kobold. The kobold closely misses you.
You hit the kobold.
You kill the kobold!
No target in view!
No target in view!
No target in view!
You start resting.
HP restored.
You start waiting.
Done waiting.
You climb downwards.
Level annotation: Ijyb Ijyb zaps a wand.
Your mind is blasted!
Ouch! That really hurt!
You die...

.....####................#
........................#
. ..#....................#
... #...#.####...........#
#...##..#...........######
.........)...........>...#
.......<..............##.#
....##.##...........#.##.#
.... #+#######@#.........#
... ...........###'##.# ..
..................#
..................#
.................##
.....?...........#
.................#
.g...............#
.................#


You could see Ijyb.

Vanquished Creatures
  A worm (D:2)
  An orc (D:2)
  4 ball pythons
  2 endoplasms
  4 giant cockroaches
  7 goblins
  5 hobgoblins
  2 quokkas (D:2)
  7 bats
  5 frilled lizards
  6 kobolds
  8 rats
52 creatures vanquished.

Notes
Turn   | Place    | Note
-------+----------+-------------------------------------------
     0 | D:1      | Decritt the Spriggan Enchanter began the quest for the Orb.
     0 | D:1      | Reached XP level 1. HP: 9/9 MP: 5/5
   232 | D:1      | Reached XP level 2. HP: 12/13 MP: 6/6
   738 | D:1      | Found a faded altar of an unknown god.
  1190 | D:2      | Reached XP level 3. HP: 13/17 MP: 8/8
  1665 | D:2      | Found a hazy altar of Hepliaklqana.
  2277 | D:2      | Learned a level 3 spell: Confusing Touch
  2281 | D:2      | Learned a level 3 spell: Tukima's Dance
  2284 | D:2      | Learned a level 2 spell: Ensorcelled Hibernation
  2302 | D:3      | Reached skill level 5 in Stealth
  2468 | D:3      | Noticed Ijyb
  2492 | D:2      | Reached skill level 1 in Fighting
  2716 | D:3      | Blown up by Ijyb

Illustrated notes

Levels and vault maps discovered:
D:1:      minmay_arrival_diagonal_passages, layout_loops_corners,
          hellmonk_ecumenical_altar_arch_garden, amcnicky_mini_corridor_feature
D:2:      layout_basic, basic_altar, minmay_tetromino_l4
D:3:      layout_basic, uniq_ijyb

Skill      XL: |  1  2  3 |
---------------+----------+-----
Dodging        | 3 |  3.4
Spellcasting   | 3 |  3.2
Hexes          | 4 |  4.0
Stealth        | 5 |  5.0
Fighting       | 1 |  1.0
Short Blades   | |  1.8

Action                   || total
-------------------------++-------
Melee: Dagger            ||   181
       Punch             ||     2
  Use: Scroll            ||     6
 Stab: Sleeping          ||    18
Armor: Robe              ||    14
Dodge: Dodged            ||   131

Table legend: (Time is in decaauts)
 A = Elapsed time spent in this place.
 B = Non-inter-level travel time spent in this place.
 C = Inter-level travel time spent in this place.
 D = Time resting spent in this place.
 E = Time spent auto-exploring this place.
 F = Levels seen in this place.
 G = Mean time per level.
                   A        B        C        D        E       F      G
               +--------+--------+--------+--------+--------+-----+--------+
         Total |   2005 |   1994 |     11 |    625 |    953 |   3 |  668.3 |
       Dungeon |   2005 |   1994 |     11 |    625 |    953 |   3 |  668.3 |
               +--------+--------+--------+--------+--------+-----+--------+

Top non-repeatable levels by time:
     D:2: 1108 daAuts
     D:1: 716 daAuts
     D:3: 179 daAuts
